AoeStats
← SirT_Hanomontano

African Clearing

510619624Analyzed
2v2 RM · 1d ago on Oct 1, 2026· 30m 12s· 4 players
Game mode
Random Map
Map size
Medium (4 player)
Population
200
Speed
Normal
Resources
Standard
Victory
Conquest
Starting age
Dark Age
Ending age
Imperial Age
RankedLock teamsTeams togetherTeam positionsShared explorationLock speedFull tech treeHidden civsTurbo modeCheats
Victory
Defeat
🇧🇷 Ethiopians · Brazil
1260
+14
🇧🇷 Persians · Brazil
1147
+19
🇩🇪 Byzantines · Germany
1225
-17
🇩🇪 Wei · Germany
1211
-16
SirT_Naval
3:38 Loom
12:56 Feudal Age
13:35 Double-Bit Axe
14:59 Fletching
16:56 Horse Collar
23:57 Castle Age
22:40 Stone Mining
28:54 Scale Barding Armor
30:09 Forging
SirT_Hanomontano
11:31 Feudal Age
9:47 Loom
11:57 Double-Bit Axe
13:47 Fletching
16:39 Wheelbarrow
16:52 Horse Collar
17:45 Padded Archer Armor
25:04 Castle Age
23:14 Gold Mining
25:50 Bodkin Arrow
25:16 Crossbowman
29:45 Town Watch
30:39 Gold Shaft Mining
schniggo
7:15 Loom
12:43 Feudal Age
20:20 Castle Age
20:34 Double-Bit Axe
24:43 Fletching
JoeDreck
4:20 Loom
13:08 Feudal Age
22:48 Castle Age
20:46 Fletching
25:21 Elite Skirmisher
Connection lost

Rejoining the realm…

Still unreachable

The connection could not be restored.

Session expired

The server has moved on; the page needs a fresh start.